 Dungeon Crawl Stone Soup version 0.24-a0-420-g24607be9ce (webtiles) character file.

Game seed: 8062006487917831420

39 mahrnol the Cudgeler (level 3, -4/36 HPs)
             Began as a Troll Berserker on June 11, 2019.
             Was a Believer of Trog.
             Slain by an ogre
             ... wielding a cursed -1 giant club
              (17 damage)
             ... on level 2 of the Dungeon.
             The game lasted 00:04:59 (740 turns).

mahrnol the Cudgeler (Troll Berserker)               Turns: 740, Time: 00:05:00

Health: -4/36      AC:  6    Str: 26    XL:     3   Next: 26%
Magic:  2/2        EV: 10    Int:  3    God:    Trog [**....]
Gold:   42         SH:  0    Dex:  9    Spells: 2/2 levels left

rFire    . . .     SeeInvis .   a - +0 mace
rCold    . . .     Gourm    +   (no shield)
rNeg     . . .     Faith    .   b - +0 animal skin
rPois    .         Spirit   .   (helmet restricted)
rElec    .         Reflect  .   (no cloak)
rCorr    .         Harm     .   (gloves unavailable)
MR       .....                  (boots unavailable)
Stlth    +.........             (no amulet)
HPRegen  0.52/turn              (no ring)
MPRegen  0.08/turn              (no ring)

@: slowed, very slow
A: large, unfitting armour, claws 3, fast metabolism 3, gourmand, regeneration
1, shaggy fur 1, tough skin 3
a: Berserk, Trog's Hand, Renounce Religion


You were on level 2 of the Dungeon.
You worshipped Trog.
Trog was pleased with you.
You were very full.

You visited 1 branch of the dungeon, and saw 2 of its levels.

You collected 42 gold pieces.

Inventory:

Hand Weapons
 a - a +0 mace (weapon)
Missiles
 d - 19 arrows
 f - 9 stones (quivered)
 j - 14 sling bullets
Armour
 b - a +0 animal skin (worn)
Scrolls
 e - a scroll of teleportation {unknown}
 i - 2 scrolls of identify {unknown}
 l - a scroll of magic mapping {unknown}
Potions
 g - 4 potions of curing {unknown}
 h - a potion of degeneration {unknown}
 k - a potion of flight {unknown}
 m - a potion of haste {unknown}
Comestibles
 c - 7 rations


   Skills:
 + Level 2.7 Fighting
 * Level 3.4 Maces & Flails
 + Level 2.7 Dodging


You had 2 spell levels left.
You didn't know any spells.
Your spell library was empty.

Dungeon Overview and Level Annotations

Branches:
Dungeon (2/15)

Altars:

Annotations:
D:2 Jessica


Innate Abilities, Weirdness & Mutations

You are too large for most types of armour.
You have claws for hands.
Your metabolism is lightning-fast.
You like to eat raw meat.
Your natural rate of healing is unusually fast.
You are covered in fur. (AC +1)
You have extremely tough skin. (AC +3)


Message History

You hit Jessica but do no damage. Jessica hits you but does no damage.
The ogre barely misses you. Jessica hits you with a +7 club.
Jessica gestures at you while chanting. Pain shoots through your body!
* * * LOW HITPOINT WARNING * * *
You barely miss the ogre. The ogre barely misses you.
You hit the ogre.
The ogre is lightly wounded.
The ogre hits you with a cursed -1 giant club!
* * * LOW HITPOINT WARNING * * *
Jessica casts a spell.
Jessica blinks!
Jessica gestures wildly while chanting.
Jessica blinks!
Jessica gestures at you while chanting.
You feel yourself slow down. The ogre barely misses you.
The ogre closely misses you.
The ogre hits you with a cursed -1 giant club!
You die...

#..#.. <# #.#
#....#######.### #.#
#..)?........# ##.#
#.#####.(###.###... #.#
#..# #......ยง #.#
##.###.###... #.#
#..........#
#.####.########.#.######
#......@O.@.......# #
############.##.### #
#.##.# # #.##.## #
#.#...## # #......######
#............
#............
###...#######


You could see an ogre and Jessica.

Vanquished Creatures
  An adder (D:2)
  An ooze (D:1)
  A dart slug (D:1)
  3 bats
  2 giant cockroaches
  2 goblins
  2 jackals (D:1)
  3 kobolds (D:1)
  4 frilled lizards (D:1)
  6 rats
25 creatures vanquished.

Notes
Turn   | Place    | Note
-------+----------+-------------------------------------------
     0 | D:1      | mahrnol the Troll Berserker began the quest for the Orb.
     0 | D:1      | Reached XP level 1. HP: 22/22 MP: 0/0
   178 | D:1      | Reached XP level 2. HP: 29/29 MP: 1/1
   265 | D:1      | Reached skill level 3 in Maces & Flails
   332 | D:1      | Reached ** piety under Trog
   535 | D:2      | Reached XP level 3. HP: 35/36 MP: 2/2
   691 | D:2      | Noticed an ogre
   692 | D:2      | Noticed Jessica
   740 | D:2      | Slain by an ogre

Levels and vault maps discovered:
D:1:      eino_arrival_cavern_e, layout_basic, minmay_tetromino_o2
D:2:      layout_loops_ring, first_ration, uniq_terence, uniq_jessica

Skill      XL: |  1  2 |
---------------+-------+-----
Maces & Flails | 3 |  3.4
Fighting       | |  2.7
Dodging        | |  2.7

Action                   || total
-------------------------++-------
Melee: Mace              ||    80
  Eat: Chunk             ||    11
Armor: Animal skin       ||    65
Dodge: Dodged            ||    67

Table legend:
 A = Non-vault XP
 B = Vault XP
 C = Vault XP percentage of total XP
 D = Non-vault monster count
 E = Vault monster count
 F = Vault count percentage of total count
                 A         B        C        D         E       F
            +---------+---------+-------+---------+---------+-------
      Total |      55 |       1 |   1.8 |      24 |       1 |   4.0
            +---------+---------+-------+---------+---------+-------
        D:1 |      35 |       1 |   2.8 |      19 |       1 |   5.0
        D:2 |      20 |       0 |   0.0 |       5 |       0 |   0.0
            +---------+---------+-------+---------+---------+-------
